 Dungeon Crawl Stone Soup version 0.31-a0-4-gefa6de2278 (webtiles) character file.

Game seed: 2466566038483840545

21824 OhCrap the Blocker (level 12, 0/107 HPs)
             Began as a Minotaur Fighter on May 2, 2023.
             Was a High Priest of Okawaru.
             Slain by a wyvern (7 damage)
             ... on level 2 of the Lair of Beasts on May 4, 2023.
             The game lasted 00:25:06 (13839 turns).

OhCrap the Blocker (Minotaur Fighter)              Turns: 13839, Time: 00:25:07

Health: 0/107      AC: 18    Str: 27    XL:     12   Next: 57%
Magic:  16/16      EV:  7    Int:  5    God:    Okawaru [*****.]
Gold:   181        SH: 12    Dex:  9    Spells: 11/11 levels left

rFire   + + +        y - +0 demon whip (venom)
rCold   . . .        o - +0 kite shield
rNeg    . . .        p - +0 plate armour
rPois   .            (helmet restricted)
rElec   .            t - scarf of the Battered Knaves {+Inv, Rampage rF+++ Will-}
rCorr   .            (no gloves)
SInv    .            (no boots)
Will    .....        (no amulet) Stlth
                     q - ring of willpower
HPRegen 0.37/turn    g - +4 ring of protection
MPRegen 0.15/turn

%: rampage
@: no status effects
A: horns 2, retaliatory headbutt
a: Renounce Religion, Evoke Invisibility, Heroism, Finesse, Duel


You were on level 2 of the Lair of Beasts.
You worshipped Okawaru.
Okawaru was extremely pleased with you.
You visited 2 branches of the dungeon, and saw 12 of its levels.
You also visited: Ossuary.

You collected 898 gold pieces.
You spent 717 gold pieces at shops.

Inventory:

Hand Weapons
 a - a +1 war axe
 b - a +2 morningstar of protection
 y - a +0 demon whip of venom (weapon)
Missiles
 e - 2 throwing nets
 j - 4 curare-tipped darts (quivered)
Armour
 o - a +0 kite shield (worn)
 p - a +0 plate armour (worn)
 t - the scarf of the Battered Knaves (worn) {+Inv, Rampage rF+++ Will-}
   (You bought it in a shop on level 9 of the Dungeon)

   rF:        It renders you almost immune to fire.
   Rampage:   It bestows one free step when moving towards enemies.
   Will:      It decreases your willpower.
Jewellery
 g - a +4 ring of protection (right hand)
 q - a ring of willpower (left hand)
Wands
 d - a wand of mindburst (3)
 l - a wand of polymorph (25)
 u - a wand of iceblast (7)
Scrolls
 f - 2 scrolls of blinking
 r - 5 scrolls of teleportation
 s - a scroll of identify
 v - a scroll of fear
Potions
 h - 5 potions of lignification
 i - 2 potions of curing
 k - 2 potions of ambrosia
 m - a potion of berserk rage
 n - 2 potions of cancellation
 x - a potion of heal wounds


   Skills:
 + Level 10.5 Fighting
 - Level 13.3(13.5) Axes
 * Level 3.7(9.4) Maces & Flails
 + Level 10.4 Armour
 * Level 14.0 Shields
 + Level 7.6 Invocations


You had 11 spell levels left.
You didn't know any spells.
Your spell library was empty.

Dungeon Overview and Level Annotations

Branches:
Dungeon (10/15)            Temple (0/1) D:7            Lair (2/5) D:8
Ossuary (visited)
  Swamp: Lair:2-3    Shoals: Lair:2-3     Snake: Lair:2-3    Spider: Lair:2-3
    Orc: D:9-12

Altars:
Fedhas
Gozag
Hepliaklqana
Okawaru
Sif Muna
Zin

Shops:
D:9 !??[


Innate Abilities, Weirdness & Mutations

You have a pair of horns on your head.
You reflexively headbutt those who attack you in melee.


Message History

You block the bullfrog's attack. You block the wyvern's attack.
The komodo dragon barely misses you.
You hit the komodo dragon but do no damage.
The komodo dragon is severely wounded.
The wyvern bites you but does no damage.
The bullfrog hits you but does no damage.
The komodo dragon bites you!!
You hit the bullfrog but do no damage.
The bullfrog is poisoned.
Your headbutt misses the bullfrog. You block the wyvern's attack.
The bullfrog hits you but does no damage.
You closely miss the bullfrog. Your headbutt misses the bullfrog.
You block the wyvern's attack.
The bullfrog hits you but does no damage.
The komodo dragon bites you!
You whack the bullfrog!
The bullfrog looks as sick as possible!
Your headbutt misses the bullfrog.
The bullfrog is heavily wounded.
You block the bullfrog's attack. You block the wyvern's attack.
The komodo dragon bites you but does no damage.
The komodo dragon attacks as you move away!
You block the komodo dragon's attack. The bullfrog attacks as you move away!
The bullfrog hits you but does no damage.
Found a stone staircase leading up.
The wyvern hisses menacingly.
The wyvern bites you.
The bullfrog hits you but does no damage.
The komodo dragon attacks as you move away!
The komodo dragon bites you!!
* * * LOW HITPOINT WARNING * * *
The wyvern attacks as you move away! You block the wyvern's attack.
The komodo dragon attacks as you move away!
You block the komodo dragon's attack. You block the wyvern's attack.
The wyvern bites you.
* * * LOW HITPOINT WARNING * * *
The bullfrog barely misses you.
There is a stone staircase leading up here.
The bullfrog hits you.
* * * LOW HITPOINT WARNING * * *
The wyvern bites you!
You die...

#...(. ##..?⌠..
##......
##......#
##..⌠..#.####
#............ ...
#............
.<..+.⌠.@.⌠..⌠...
.......Fl........
.⌠.#....l........
#..##..⌠....#..#
... ##.......###
.. #.........#
...#...⌠....
.#..##....... ..
#... #......


You could see a komodo dragon (very poisoned), a wyvern and a bullfrog (very
poisoned).

Vanquished Creatures
  Erolcha (D:9)
  3 alligators (Lair:1)
  A death yak (Lair:1)
  Amaemon (Lair:1)
  3 elephants (Lair:1)
  An orange demon (Lair:1)
  A rime drake (D:8)
  5 cane toads (Lair:1)
  A kobold demonologist (D:9)
  4 komodo dragons (Lair:1)
  2 tengu conjurers (D:8)
  A queen bee (D:9)
  2 polar bears (Lair:1)
  Grinder (D:3)
  A hornet (Lair:1)
  4 blink frogs
  Sigmund (D:2)
  A wraith (D:9)
  5 wyverns
  21 yaks
  Eustachio (D:4)
  A basilisk (Lair:1)
  Grum (D:8)
  5 steam dragons
  2 acid dragons (D:10)
  Duvessa (D:5)
  3 water moccasins
  7 ice beasts
  A sky beast (D:7)
  6 orc warriors
  5 black bears
  4 centaurs
  6 wolves
  3 phantoms
  4 gnoll sergeants
  A scorpion (Lair:1)
  6 bullfrogs
  7 wights
  Dowan (D:5)
  24 killer bees
  2 electric eels
  A howler monkey (D:8)
  2 hounds
  A human zombie (Ossuary)
  2 jellies
  A gnoll bouda (D:4)
  5 orc priests
  Jessica (D:2)
  2 iguanas
  Terence (D:2)
  10 orc wizards
  3 mummies
  19 gnolls
  7 adders
  2 white imps
  An ufetubus (D:4)
  3 dart slugs
  21 orcs
  6 ball pythons
  3 endoplasms
  3 giant cockroaches
  3 gnoll zombies (Ossuary)
  7 goblins
  4 hobgoblins
  6 kobolds
  3 quokkas
  7 bats
  3 frilled lizards (D:2)
  3 goblin zombies (Ossuary)
  5 hobgoblin zombies
  4 orc zombies
  3 rats
293 creatures vanquished.

Vanquished Creatures (others)
  An orc wizard (D:10)
  2 orcs (D:5)
  A fungus (Lair:1)
  30 plants
34 creatures vanquished.

Grand Total: 327 creatures vanquished

Notes
Turn   | Place    | Note
-------+----------+-------------------------------------------
     0 | D:1      | OhCrap the Minotaur Fighter began the quest for the Orb.
     0 | D:1      | Reached XP level 1. HP: 19/19 MP: 0/0
   276 | D:1      | Reached XP level 2. HP: 24/27 MP: 1/1
   392 | D:1      | Reached skill level 4 in Shields
   846 | D:2      | Noticed Terence
   851 | D:2      | Killed Terence
   852 | D:2      | Reached XP level 3. HP: 33/33 MP: 2/2
  1178 | D:2      | Found a faded altar of an unknown god.
  1336 | D:2      | Noticed Sigmund
  1379 | D:2      | Killed Sigmund
  1380 | D:2      | Reached skill level 5 in Shields
  1380 | D:2      | Reached XP level 4. HP: 21/41 MP: 3/3
  1380 | D:2      | Reached XP level 5. HP: 24/47 MP: 4/4
  1706 | D:2      | Noticed Jessica
  1711 | D:2      | Killed Jessica
  2119 | D:3      | Noticed Grinder
  2146 | D:3      | Paralysed by Grinder for 4 turns
  2159 | D:3      | Killed Grinder
  2160 | D:3      | Reached skill level 5 in Fighting
  2160 | D:3      | Reached skill level 5 in Axes
  2160 | D:3      | Reached skill level 5 in Armour
  2160 | D:3      | Reached skill level 6 in Shields
  2160 | D:3      | Reached XP level 6. HP: 9/56 MP: 5/5
  2411 | D:3      | Found an iron altar of Okawaru.
  2416 | D:3      | Became a worshipper of Warmaster Okawaru
  2496 | D:3      | Reached XP level 7. HP: 61/61 MP: 6/6
  2887 | D:4      | Reached skill level 1 in Invocations
  3221 | D:4      | Noticed Eustachio
  3267 | D:4      | Killed Eustachio
  3267 | D:4      | Reached * piety under Okawaru
  3511 | D:5      | Entered Level 5 of the Dungeon
  3511 | D:5      | You fall into a shaft and drop 1 floor!
  3528 | D:6      | Reached skill level 7 in Shields
  3783 | D:5      | Reached XP level 8. HP: 70/70 MP: 8/8
  3869 | D:5      | Found a blossoming altar of Fedhas.
  4183 | D:5      | Noticed Duvessa
  4184 | D:5      | Noticed Dowan
  4206 | D:5      | Killed Duvessa
  4222 | D:5      | Killed Dowan
  4223 | D:5      | Reached skill level 8 in Shields
  4898 | D:6      | Reached ** piety under Okawaru
  5012 | D:6      | Reached XP level 9. HP: 65/78 MP: 10/10
  5138 | D:6      | Found a hazy altar of Hepliaklqana.
  5511 | D:7      | Found a sand-covered staircase.
  5521 | Ossuary  | Entered an ossuary
  5717 | D:7      | Reached skill level 9 in Shields
  6011 | D:7      | Found a staircase to the Ecumenical Temple.
  6302 | D:8      | Noticed Grum
  6336 | D:8      | Killed Grum
  6336 | D:8      | Reached *** piety under Okawaru
  6502 | D:8      | Reached skill level 10 in Shields
  6550 | D:8      | Reached XP level 10. HP: 58/88 MP: 9/12
  6579 | D:8      | Reached skill level 10 in Axes
  6841 | D:8      | Reached **** piety under Okawaru
  6842 | D:8      | Reached skill level 5 in Invocations
  6856 | D:8      | Found a staircase to the Lair.
  7146 | D:8      | Reached skill level 11 in Shields
  7375 | D:8      | Found the sphere of Battle
  7721 | D:8      | Upgraded the game from 0.31-a0-1-g4198be8af4 to
                  | 0.31-a0-4-gefa6de2278
  7749 | D:9      | Found Leish's Magic Scroll Shoppe.
  8244 | D:9      | Found Isaatin's Armour Shoppe.
  8393 | D:9      | Reached XP level 11. HP: 54/95 MP: 12/14
  8742 | D:9      | Noticed Erolcha
  8759 | D:9      | Killed Erolcha
  8979 | D:9      | Found Cuenaras's Magic Scroll Shoppe.
  9027 | D:9      | Found Balevig's Distillery.
  9446 | D:9      | Found a shimmering blue altar of Sif Muna.
  9457 | D:9      | Reached skill level 12 in Shields
  9495 | D:9      | Bought the scarf of the Battered Knaves {+Inv, Rampage
                  | rF+++ Will-} for 717 gold pieces
  9530 | D:10     | Entered Level 10 of the Dungeon
 10505 | D:10     | Found an opulent altar of Gozag.
 10505 | D:10     | Found a glowing silver altar of Zin.
 10632 | Lair:1   | Entered Level 1 of the Lair of Beasts
 11459 | Lair:1   | Reached ***** piety under Okawaru
 11584 | Lair:1   | Reached skill level 13 in Shields
 12002 | Lair:1   | Noticed a death yak
 12023 | Lair:1   | Reached XP level 12. HP: 102/106 MP: 8/16
 12280 | Lair:1   | Reached skill level 10 in Fighting
 12402 | Lair:1   | Noticed Amaemon
 12411 | Lair:1   | Killed Amaemon
 12412 | Lair:1   | Reached skill level 10 in Armour
 13198 | Lair:1   | Noticed an alligator
 13198 | Lair:1   | Noticed an alligator
 13198 | Lair:1   | Noticed an alligator
 13213 | Lair:1   | Killed an alligator
 13214 | Lair:1   | Reached skill level 1 in Maces & Flails
 13239 | Lair:1   | Killed an alligator
 13241 | Lair:1   | Killed an alligator
 13569 | Lair:1   | Received a gift from Okawaru
 13570 | Lair:1   | Reached skill level 14 in Shields
 13722 | Lair:1   | Killed a death yak
 13839 | Lair:2   | Slain by a wyvern

Illustrated notes

Levels and vault maps discovered:
D:1:      eino_arrival_water_cross, layout_basic, chequers_serial_rivers_large_b
D:2:      layout_basic, hellmonk_ecumenical_altar_arch_garden, st_stairs_11,
          minmay_nonomino_d4, uniq_sigmund, uniq_terence, uniq_jessica
D:3:      layout_loops_ring, mainiacjoe_overflow_alcove_2,
          amcnicky_mini_corridor_feature, nicolae_kite_square_tiling_tiny,
          st_stairs_9, uniq_grinder
D:4:      layout_rooms, uniq_eustachio
D:5:      minmay_general_purpose_star, layout_rooms,
          mainiacjoe_overflow_six_doors_small, serial_rivers,
          chequers_serial_rivers_room_b, chequers_serial_rivers_micro_a,
          chequers_serial_rivers_micro_d, chequers_serial_rivers_marsh,
          chequers_serial_rivers_micro_e, chequers_serial_rivers_micro_b,
          bh_walls_and_bars, uniq_duvessa
D:6:      layout_basic, kennysheep_mini_moat
D:7:      layout_rooms, minmay_temple_entry_poolview,
          nicolae_ossuary_entry_giza, roderic_roman_lattice
D:8:      layout_basic, hellmonk_lair_entry_icy, serial_bayou_pond_b,
          minivault_25, hellmonk_guarded_unrand_sphere_of_battle, uniq_grum
D:9:      layout_loops_corners, kennysheep_orc_sif_temple, serial_shops, shop,
          shop, nicolae_shop_industrial_runoff, nicolae_shop_stone,
          minmay_curled_crystal, nicolae_looking_at_the_future, uniq_erolcha
D:10:     layout_cave_pools, grunt_temple_overflow_gold_and_silver,
          minmay_misc_feat_x
Lair:1:   layout_cave_pods, nicolae_lair_lakeside_cave,
          infiniplex_staircase_pool, uniq_amaemon
Lair:2:   lemuel_slime, layout_regular_city, swamp_mist, grunt_megastairs_3

Skill      XL: |  1  2  3  4  5  6  7  8  9 10 11 12 |
---------------+-------------------------------------+-----
Shields        | 4 5 6 7 8 10 11 13 14 | 14.0
Axes           | 3 4 5 6 8 9 11 12 13 | 13.3
Fighting       | 4 5 6 7 8 9 10 | 10.5
Armour         | 4 5 6 7 8 9 10 | 10.4
Invocations    | 2 3 4 5 6 7 |  7.6
Maces & Flails | 3 |  3.7

Action                     |  1- 3 |  4- 6 |  7- 9 | 10-12 || total
---------------------------+-------+-------+-------+-------++-------
  Melee: War axe           |    57 |    36 |   290 |   578 ||   961
         Headbutt          |     5 |     1 |    65 |   137 ||   208
         Demon whip        |       |       |       |    84 ||    84
  Throw: Dart              |       |       |     3 |       ||     3
 Invoke: Heroism           |       |       |     8 |    17 ||    25
         Finesse           |       |       |       |     4 ||     4
    Use: Scroll            |     4 |     5 |     9 |     5 ||    23
         Potion            |     4 |     1 |     7 |     5 ||    17
   Stab: Invisible         |       |       |       |     7 ||     7
 Armour: Scale mail        |    26 |       |       |       ||    26
         Skin              |     6 |       |       |       ||     6
         Chain mail        |     5 |     2 |       |       ||     7
         Plate armour      |       |    10 |   171 |   298 ||   479
  Dodge: Dodged            |    26 |     8 |    84 |   149 ||   267
  Block: Buckler           |    17 |     8 |    60 |       ||    85
         Kite shield       |       |       |    68 |   328 ||   396

Table legend: (Time is in decaauts)
 A = Elapsed time spent in this place.
 B = Non-inter-level travel time spent in this place.
 C = Inter-level travel time spent in this place.
 D = Time resting spent in this place.
 E = Time spent auto-exploring this place.
 F = Levels seen in this place.
 G = Mean time per level.
                   A        B        C        D        E       F      G
               +--------+--------+--------+--------+--------+-----+--------+
         Total |  13811 |  13483 |    328 |   3902 |   7354 |  13 | 1062.4 |
       Dungeon |  10858 |  10563 |    295 |   2798 |   6005 |  10 | 1085.8 |
          Lair |   2830 |   2798 |     32 |   1104 |   1281 |   2 | 1415.0 |
       Ossuary |    122 |    122 |      0 |      0 |     68 |   1 |  122.0 |
               +--------+--------+--------+--------+--------+-----+--------+

Top non-repeatable levels by time:
  Lair:1: 2817 daAuts
     D:9: 1791 daAuts
     D:8: 1687 daAuts
     D:2: 1063 daAuts
     D:5: 1057 daAuts
    D:10: 1057 daAuts
     D:3: 937 daAuts
     D:6: 920 daAuts
     D:1: 813 daAuts
     D:4: 776 daAuts
     D:7: 754 daAuts
 Ossuary: 122 daAuts
  Lair:2: 13 daAuts
